Unix NetHack Version 3.7.0-66 Work-in-progress - last build Dec 26 2022 05:50:31 (55254d10815e23f0e7c0ebc937178fe17f3ffff8,branch:master). Game began 2022-10-28 19:04:39, ended 2024-05-08 08:26:38. Colobot, chaotic male human Rogue ---------- ----------- --------- |....:...| ------------ |.........| ###.........##### # |......).-# #...........| |...*.....| # |.......| # # # |...^....|###0 #|..........| |...*.....| # -----.--- # # #..........######|..........| |<........| # # # # #------|--- ###--------|--- ---------|- ## @ # ## ^ # # ## #### ##a# # ### # # # # -.------- # # # # #* #....*....###### ## # # ----.-## $ |.......| # # # ######## |..... # |..*...)-####*##-----# ### ## # |....| # |._..).*| ##-...|# ## ---|---- |....| # |...)*..| #|....# ###.......| |....|## |.......| #|...| |......| |.....# --------- #|.|.| |....>.| ------ #----- |..{...| 0#)#########################.......| -------- Colobot the Rogue St:15 Dx:18 Co:15 In:10 Wi:7 Ch:9 Chaotic Dlvl:6 $:225 HP:0(70) Pw:24(24) AC:3 Xp:6/536 T:4209 Latest messages: The paper golem just misses! The wolf bites! In what direction? The dagger named ammo hits the wolf. The paper golem hits! The wolf bites! You hit the wolf. The paper golem hits! The wolf misses! The wolf bites! You hit the wolf! The paper golem hits! The wolf bites! You kill the wolf! The paper golem hits! b - 2 uncursed +0 daggers named ammo. The paper golem hits! The paper golem hits! b - 2 uncursed +0 daggers named ammo (4 in total). You see here a dagger. You ready: b - 4 uncursed +0 daggers named ammo. In what direction? You throw 2 daggers named ammo. The 1st dagger named ammo hits the paper golem. The 2nd dagger named ammo hits the paper golem. The paper golem hits! In what direction? The dagger named ammo hits the paper golem. The paper golem hits! In what direction? The dagger named ammo hits the paper golem. The paper golem hits! b - an uncursed +0 dagger named ammo. b - 3 uncursed +0 daggers named ammo (4 in total). The paper golem hits! You ready: b - 4 uncursed +0 daggers named ammo. In what direction? The dagger named ammo hits the paper golem. The paper golem hits! In what direction? The dagger named ammo hits the paper golem. The paper golem hits! In what direction? The dagger named ammo hits the paper golem. The paper golem hits! The paper golem hits! The fire ant bites! The fire ant misses! The fire ant bites! You die... Inventory: Coins ('$') $ - 225 gold pieces Weapons (')') b - an uncursed +0 dagger named ammo (at the ready) g - a cursed -1 flail H - an uncursed +0 long sword a - an uncursed +0 short sword (weapon in hand) Armor ('[') D - an uncursed +0 dwarvish iron helm (being worn) E - an uncursed +0 pair of iron shoes (being worn) F - an uncursed +0 dwarvish cloak (being worn) i - an uncursed +0 Hawaiian shirt with a ukulele motif named nc c - an uncursed +1 leather armor (being worn) Comestibles ('%') C - an uncursed carrot Y - an uncursed food ration Tools ('(') f - an uncursed sack named VAS CORP BET MANI is scare monster scroll containing 14 items e - an uncursed lock pick named tele Gems/Stones ('*') L - an uncursed garnet stone l - an uncursed worthless piece of black glass Contents of the sack named VAS CORP BET MANI is scare monster scroll: a blessed scroll of amnesia an uncursed scroll of confuse monster 2 uncursed scrolls of enchant armor a cursed scroll of food detection an uncursed scroll of identify a cursed scroll of light a blessed scroll of remove curse a cursed spellbook of extra healing an uncursed potion of levitation 2 uncursed potions of monster detection an uncursed potion of object detection a blessed potion of restore ability 2 uncursed potions of sickness 2 potions of holy water Colobot the Rogue's attributes: Background: You were a Rogue, level 6 male human. You were chaotic, on a mission for Kos who was opposed by Issek (lawful) and Mog (neutral). You were in the Dungeons of Doom, on level 6. You entered the dungeon 4209 turns ago. There was a new moon in effect when your adventure ended. You had 536 experience points, 104 more were needed to attain level 7. Basics: You had 0 out of 70 hit points. You had all 24 energy points (spell power). Your armor class was 3. Your wallet contained 225 zorkmids. Autopickup was on for '$%?!"=/*', with exceptions. FinalCharacteristics: Your strength was 15 (limit:18/100). Your dexterity was 18 (limit:18). Your constitution was 15 (limit:18). Your intelligence was 10 (limit:18). Your wisdom was 7 (peak:8, limit:18). Your charisma was 9 (limit:18). Final Status: You were not hungry. You were unencumbered. You were wielding a short sword. You had basic skill with short sword. Final Attributes: You were piously aligned. You were telepathic. You were stealthy. You were warded. You are dead. Miscellaneous: You never encountered a bones level. Total elapsed playing time was 1 hour, 21 minutes and 41 seconds. Major events: Turn 1: Colobot the chaotic male human Rogue entered the dungeon 677: entered the Gnomish Mines 790: attained the rank of Cutpurse (level 3) 3488: attained the rank of Rogue (level 6) 4209: killed by a fire ant Vanquished creatures: 2 wolves a lizard a wood nymph a mountain nymph 2 orc shamans a rock piercer 3 rock moles a pony a fog cloud a red naga hatchling 3 elf zombies a giant ant a little dog 5 floating eyes 2 dwarves a homunculus 2 hill orcs 2 rothes a centipede 2 orc zombies a dwarf zombie a wererat an iguana 5 killer bees an acid blob a coyote a gas spore a hobbit 5 manes a large kobold a green mold a red mold 12 garter snakes 5 geckos 5 jackals 2 kobolds 2 goblins 2 sewer rats 2 grid bugs 2 bats 4 lichens 2 kobold zombies 7 newts 99 creatures vanquished. No species were genocided or became extinct. Voluntary challenges: You read items or engraved 1 time. You never engraved Elbereth. You never genocided any monsters. You never polymorphed an object. You never changed form. You used no wishes. Achievements: You entered the Gnomish Mines. You attained the rank of Cutpurse. You attained the rank of Rogue. The Dungeons of Doom: levels 1 to 7 Level 1: A fountain, a sink. Level 2: Stairs down to The Gnomish Mines. Level 3: An altar. Level 4: A grave. Level 5: A fountain. Level 6: <- You were here. An altar to Kos, a fountain, a grave. Final resting place for you, killed by a fire ant. Level 7: The Gnomish Mines: Level 3: Game over: ---------- / \ / REST \ / IN \ / PEACE \ / \ | Colobot | | 225 Au | | killed by a fire | | ant | | | | | | 2024 | *| * * * | * _________)/\\_//(\/(/\)/\//\/|_)_______ Goodbye Colobot the Rogue... You died in The Dungeons of Doom on dungeon level 6 with 2647 points, and 225 pieces of gold, after 4209 moves. You were level 6 with a maximum of 70 hit points when you died.